 Dungeon Crawl Stone Soup version 0.28.0 (webtiles) character file.

Game seed: 14170189878799682740

64 Palewisp the Sneak (level 3, 0/16 HPs)
             Began as a Spriggan Enchanter on Feb 10, 2022.
             Was a Follower of Wu Jian.
             Slain by a goblin (2 damage)
             ... led by Robin
             ... on level 2 of the Dungeon on Feb 11, 2022.
             The game lasted 00:17:34 (1238 turns).

Palewisp the Sneak (Spriggan Enchanter)             Turns: 1238, Time: 00:17:34

Health: 0/16       AC:  3    Str:  4    XL:     3   Next: 91%
Magic:  1/8        EV: 17    Int: 18    God:    Wu Jian [*.....]
Gold:   74         SH:  0    Dex: 15    Spells: 5/7 levels left

rFire   . . .      SeeInvis +   b - +0 mace (protect)
rCold   . . .      Faith    .   (no shield)
rNeg    . . .      Spirit   .   g - +0 robe
rPois   .          Reflect  .   (helmet restricted)
rElec   .          Harm     .   s - +0 cloak
rCorr   .          Rampage  .   (gloves unavailable)
Will    .....                   (boots unavailable)
Stlth   +++.......              (no amulet)
HPRegen 0.05/turn               (no ring)
MPRegen 0.11/turn               (no ring)

@: very quick
A: very small, no large weapons, unfitting armour, see invisible, speed 3
a: Renounce Religion


You were on level 2 of the Dungeon.
You worshipped Wu Jian.
Wu Jian was aware of your devotion.
You visited 1 branch of the dungeon, and saw 2 of its levels.

You collected 74 gold pieces.

Inventory:

Hand Weapons
 a - a +0 short sword
 b - a +0 mace of protection (weapon)
 n - a +1 dagger
 q - a +0 spear
 r - a +0 hunting sling
Missiles
 d - 39 sling bullets
 m - 20 bolts
 o - 18 stones (quivered)
Armour
 g - a +0 robe (worn)
 s - a +0 cloak (worn)
Wands
 p - a wand of flame (20)
Scrolls
 f - a scroll of enchant armour {unknown}
 h - a scroll of brand weapon {unknown}
 i - a scroll of immolation
 j - a scroll of identify {unknown}
 k - a scroll of blinking {unknown}
Potions
 c - 3 potions of invisibility
 e - a potion of ambrosia {unknown}
 l - 3 potions of flight {unknown}


   Skills:
 - Level 1.1 Short Blades
 + Level 0.9 Maces & Flails
 + Level 2.7 Dodging
 + Level 6.2 Stealth
 + Level 2.6 Spellcasting
 - Level 4.0 Hexes
 - Level 1.0 Ice Magic


You had 5 spell levels left.
You knew the following spells:

 Your Spells              Type           Power      Damage    Failure   Level
a - Ensorcelled Hibernat  Hex/Ice        22%        N/A       9%          2

Your spell library contained the following spells:

 Spells                   Type           Power      Damage    Failure   Level
 Confusing Touch          Hex            16%        N/A       10%         3
 Tukima's Dance           Hex            16%        N/A       10%         3
 Dazzling Flash           Conj/Hex       18%        N/A       22%         3
 Gell's Gravitas          Tloc           2%         N/A       45%         3
 Lesser Beckoning         Tloc           2%         N/A       45%         3
 Spider Form              Tmut/Pois      2%         N/A       45%         3
 Teleport Other           Tloc           2%         N/A       45%         3
 Anguish                  Hex/Necr       4%         N/A       58%         4


Dungeon Overview and Level Annotations

Branches:
Dungeon (2/15)

Altars:
Wu Jian
Zin

Annotations:
D:2 Robin


Innate Abilities, Weirdness & Mutations

You are very small and have problems with some larger weapons.
You are too small for most types of armour.
You have supernaturally acute eyesight. (SInv)
You cover ground extremely quickly. (Speed+++)


Message History

The goblin resists with significant effort.
Casting: Ensorcelled Hibernation (safe; 9% risk of failure)
Confirm with . or Enter, or press ? or * to list all spells.
Aiming: Ensorcelled Hibernation (safe; 9% risk of failure)
Press: ? - help, Shift-Dir - straight line, f/p - goblin
Aim: a goblin, wielding a +4 dagger (chance to affect: 62%)
The goblin resists with significant effort.
Casting: Ensorcelled Hibernation (safe; 9% risk of failure)
Confirm with . or Enter, or press ? or * to list all spells.
Aiming: Ensorcelled Hibernation (safe; 9% risk of failure)
Press: ? - help, Shift-Dir - straight line, f/p - goblin
Aim: a goblin, wielding a +4 dagger (chance to affect: 62%)
The goblin looks drowsy...
You lunge at the goblin.
The helpless goblin fails to defend itself.
You sock the goblin!
Your weapon exudes an aura of protection.
You kill the goblin!
The Council accepts your kill.
You lunge at the goblin.
You barely miss the goblin.
The goblin unwields a +0 hunting sling.
The goblin wields a +0 club.
The goblin hits you with a +0 club.
* * * LOW HITPOINT WARNING * * *
Things that are here:
a +4 dagger; a goblin corpse You hit the goblin but do no damage.
The goblin closely misses you.
You hit the goblin.
The goblin is severely wounded.
The goblin barely misses you. The goblin hits you with a +0 club.
* * * LOW HITPOINT WARNING * * *
You barely miss the goblin.
The goblin is severely wounded.
The goblin hits you but does no damage.
You barely miss the goblin.
The goblin is severely wounded.
The goblin hits you but does no damage.
You barely miss the goblin.
The goblin is severely wounded.
The goblin completely misses you. The goblin hits you with a +0 club.
You die...

################
.........@g....#
##############.#
#.# #.# #.# #g#
....# #.# ..#.
#.# ... #.#


You could see a goblin.

Vanquished Creatures
  Jessica (D:2)
  A worm (D:2)
  A ball python (D:1)
  5 endoplasms
  2 giant cockroaches (D:1)
  7 goblins
  3 hobgoblins
  2 kobolds (D:2)
  3 quokkas
  2 bats (D:1)
  A frilled lizard (D:2)
  2 rats (D:1)
30 creatures vanquished.

Vanquished Creatures (others)
  10 plants (D:2)
10 creatures vanquished.

Grand Total: 40 creatures vanquished

Notes
Turn   | Place    | Note
-------+----------+-------------------------------------------
     0 | D:1      | Palewisp the Spriggan Enchanter began the quest for the
                  | Orb.
     0 | D:1      | Reached XP level 1. HP: 9/9 MP: 5/5
   304 | D:1      | Reached XP level 2. HP: 12/13 MP: 6/6
   307 | D:1      | Learned a level 2 spell: Ensorcelled Hibernation
   484 | D:1      | Found a faded altar of an unknown god.
   491 | D:1      | Prayed at the altar of an unknown god.
   491 | D:1      | Became a worshipper of the Wu Jian Council
   491 | D:1      | Reached * piety under Wu Jian
   682 | D:1      | Reached skill level 5 in Stealth
  1012 | D:2      | Noticed Jessica
  1013 | D:2      | Found a glowing silver altar of Zin.
  1018 | D:2      | Killed Jessica
  1019 | D:2      | Reached skill level 1 in Ice Magic
  1019 | D:2      | Reached XP level 3. HP: 16/16 MP: 1/8
  1077 | D:2      | Reached skill level 6 in Stealth
  1122 | D:2      | Noticed Robin
  1238 | D:2      | Slain by a goblin

Illustrated notes

Levels and vault maps discovered:
D:1:      lemuel_arrival_tunnels, layout_loops_ring,
          hellmonk_ecumenical_altar_blasted, minmay_pentomino_p2
D:2:      layout_basic, basic_altar, serial_bayou_lagoon_a, uniq_jessica,
          uniq_robin

Skill      XL: |  1  2  3 |
---------------+----------+-----
Hexes          | 4 |  4.0
Stealth        | 5 6 |  6.2
Ice Magic      | 1 |  1.0
Short Blades   | |  1.1
Maces & Flails | |  0.9
Dodging        | |  2.7
Spellcasting   | |  2.6

Action                   || total
-------------------------++-------
Melee: Dagger            ||    34
       Mace              ||    35
       Short sword       ||     7
Throw: Stone             ||     7
 Cast: Ensorcelled Hiber ||    11
Invok: Lunge             ||     7
 Stab: Sleeping          ||    17
Armor: Robe              ||    15
Dodge: Dodged            ||    46
